 Dungeon Crawl Stone Soup version 0.14.2-1-g46dc7f8a84 (webtiles) character file.

304 Hugehornet the Sneak (level 6, -8/34 HPs)
             Began as a Kobold Artificer on May 14, 2020.
             Mangled by a gnoll
             ... wielding a +0,+0 spear
              (12 damage)
             ... on Level 2 of the Dungeon.
             The game lasted 00:06:59 (3614 turns).

Hugehornet the Sneak (Kobold Artificer)             Turns: 3614, Time: 00:06:59

HP  -8/34        AC  3     Str 10      XL: 6   Next: 10%
MP  11/11        EV 13     Int 10      God:
Gold 99          SH  0     Dex 18      Spells:  0 memorised,  5 levels left

rFire  . . .     SeeInvis .     h - +0 dagger (chaos)
rCold  . . .     Clarity  .     e - +0 leather armour
rNeg   . . .     Conserve .     (no shield)
rPois  .         rCorr    .     (no helmet)
rElec  .         rRot     .     (no cloak)
SustAb . .       Spirit   .     (no gloves)
rMut   .         Warding  .     (no boots)
Saprov + + .     Stasis   .     (no amulet)
MR     .....                    (no ring)
                                (no ring)

@: not resistant to hostile enchantments, quite stealthy
A: disease resistance, carnivore 3, saprovore 2
a: no special abilities


You were on level 2 of the Dungeon.
You were hungry.

You visited 1 branch of the dungeon, and saw 2 of its levels.

You collected 99 gold pieces.

Inventory:

Hand weapons
 a - a +0,+0 short sword
 h - a +0,+0 dagger of chaos (weapon)
Armour
 e - a +0 leather armour (worn)
Magical devices
 b - a wand of flame (13)
 c - a wand of enslavement (14)
 d - a wand of random effects (12)
Comestibles
 f - a meat ration
 i - a cheese
 k - 2 apples
 q - a pear
Scrolls
 j - a scroll of teleportation
 n - 2 scrolls of identify
Potions
 g - a potion of brilliance
 l - 2 potions of curing
 r - a potion of magic {unknown}


   Skills:
 - Level 1.1 Fighting
 + Level 3.4 Short Blades
 - Level 2.4 Dodging
 * Level 5.7 Stealth
 + Level 5.3 Evocations


You had 5 spell levels left.
You didn't know any spells.

Dungeon Overview and Level Annotations

Branches:
Dungeon (2/15)

Altars:
Xom


Innate Abilities, Weirdness & Mutations

You recuperate from illness quickly.
You are small and have problems with some larger weapons.
You are carnivorous and can eat meat at any time.
You can eat rotten meat.


Message History

You hit the hobgoblin. You drain the hobgoblin!
You kill the hobgoblin!
Something hits you.
No target in view!
Something hits you but does no damage.
You closely miss something. You hit something. You freeze something.
Something barely misses you.
You closely miss something.
Smoke pours forth from your dagger of chaos!
Something hits you!
You hit something. Something barely misses you.
You barely miss something. You hit something but do no damage.
Nothing appears to happen.
Something hits you.
* * * LOW HITPOINT WARNING * * *
You barely miss something. Something hits you but does no damage.
You hit something. Something hits you.
* * * LOW HITPOINT WARNING * * *
You hit something. Something hits you!
You die...

...................#
#..........
#######.##....######
#.....###.# # ######
#.....# #.#
################.# ##
####..........#=..... ...
...§§................ ##
#.§§.......#......
.########§§........#......
.........{@§........#......
#.########§§........#......
#.# #§................
#######.##
####.######.......
......... ...............
..%..##.# ##.######.####.<
>.)..##.#######
#.######.####..
................
..........<....
#######.#######
#.######.####..


There were no monsters in sight!

Vanquished Creatures
  An ogre (D:2)
  2 gnolls (D:2)
  3 adders (D:2)
  An inept feature mimic (D:2)
  A worm (D:2)
  2 giant geckos (D:1)
  9 bats
  5 giant cockroaches
  9 hobgoblins
  6 jackals
  2 quokkas (D:2)
  2 ball pythons
  5 giant newts
  3 goblins
  10 kobolds
  8 rats
69 creatures vanquished.

Notes
Turn   | Place    | Note
--------------------------------------------------------------
     0 | D:1      | Hugehornet, the Kobold Artificer, began the quest for the Orb.
     0 | D:1      | Reached XP level 1. HP: 12/12 MP: 1/1
   139 | D:1      | Reached XP level 2. HP: 13/16 MP: 3/3
   172 | D:1      | Reached skill level 4 in Evocations
   544 | D:1      | Reached XP level 3. HP: 5/20 MP: 5/5
  1439 | D:2      | Reached XP level 4. HP: 3/25 MP: 6/6
  2387 | D:2      | Found a shimmering altar of Xom.
  2704 | D:2      | Reached XP level 5. HP: 27/29 MP: 8/8
  3052 | D:2      | Noticed an ogre
  3055 | D:2      | HP: 1/29 [ogre/giant club (28)]
  3408 | D:2      | Killed an ogre
  3408 | D:2      | Reached skill level 5 in Stealth
  3408 | D:2      | Reached skill level 5 in Evocations
  3408 | D:2      | Reached XP level 6. HP: 34/34 MP: 11/11
  3614 | D:2      | Mangled by a gnoll

Action                   |  1- 3 |  4- 6 || total
-------------------------+-------+-------++-------
Melee: Short sword       |   155 |   122 ||   277
       Dagger            |       |    62 ||    62
Evoke: Wand              |       |     6 ||     6
  Use: Scroll            |       |     5 ||     5
       Potion            |       |     1 ||     1
 Stab: Sleeping          |     5 |     3 ||     8
